AoeStats
← Cristobal1012

Arena

510304022Analyzed
1v1 RM · 1d ago on Sep 30, 2026· 44m 36s· 2 players
Game mode
Random Map
Map size
Tiny (2 player)
Population
200
Speed
Normal
Resources
Standard
Victory
Conquest
Starting age
Dark Age
Ending age
Imperial Age
RankedLock teamsTeams togetherTeam positionsShared explorationLock speedFull tech treeHidden civsTurbo modeCheats
Victory
Defeat
🇨🇱 Poles · Chile
526
+15
🇹🇼 Britons · Taiwan
500
-15
路竹小男神
10:39 Feudal Age
8:56 Loom
11:04 Horse Collar
11:17 Double-Bit Axe
24:42 Castle Age
23:55 Padded Archer Armor
23:46 Fletching
24:22 Forging
24:45 Elite Skirmisher
24:49 Pikeman
25:30 Squires
26:35 Wheelbarrow
28:17 Leather Archer Armor
27:58 Bodkin Arrow
31:26 Iron Casting
35:15 Imperial Age
33:07 Scale Mail Armor
33:18 Stone Mining
33:33 Gold Mining
34:47 Bow Saw
34:57 Heavy Plow
36:08 Hand Cart
37:16 Two-Man Saw
37:32 Ring Archer Armor
40:17 Bracer
40:24 Scale Barding Armor
40:32 Husbandry
39:53 Cavalier
Cristobal1012
14:12 Feudal Age
21:24 Castle Age
21:50 Double-Bit Axe
32:55 Wheelbarrow
33:00 Forging
32:51 Scale Mail Armor
33:35 Arson
33:51 Squires
35:29 Hand Cart
39:38 Imperial Age
40:42 Elite Obuch
41:43 Capped Ram
Connection lost

Rejoining the realm…

Still unreachable

The connection could not be restored.

Session expired

The server has moved on; the page needs a fresh start.